[Event "Late-Titled-Tuesday-Blitz-March-19-2024"]
[Site "Chess.com"]
[Date "2024.03.19"]
[Round "8"]
[White "JaackCamel"]
[Black "cukricek"]
[Result "0-1"]
[WhiteElo "2195"]
[BlackElo "2467"]
[TimeControl "180+1"]
[EndTime "15:26:49 PDT"]
[Termination "cukricek won by resignation"]

1. d4 Nf6 2. c4 g6 3. Nc3 d5 4. cxd5 Nxd5 5. e4 Nxc3 6. bxc3 Bg7 7. Nf3 O-O 8. Be2 c5 9. O-O cxd4 10. cxd4 Nc6 11.
Be3 Bg4 12. d5 Bxf3 13. Bxf3 Ne5 14. Be2 Rc8 15. Rc1 Qa5 16. f4 Nd7 17. Bf3 Qxa2 18. e5 Nb6 19. d6 exd6 20. exd6 Rxc1 21. Qxc1 Rd8 22. Rd1 Qb3 23. Bxb7 Bb2 24. Qd2 Nc4 25. Qd3 Qxd3 26. Rxd3 Nxe3 27. d7 Nf5 28. Bc8 Bd4+ 29. Kf1 Bb6 30. g4 Ne3+ 31. Ke2 Nxg4 32. Kf3 Nf6 33.
Rd1 Kf8 34. f5 g5 35. h4 g4+ 36. Kg2 Ke7 37. Re1+ Kd6 38. Rd1+ Ke5 39. Re1+ Kxf5 40. Re7 Kg6 41. h5+ Kg7 42. h6+ Kg6 43. Kg3 Bc7+ 44. Kh4 g3 45. Re2 Nxd7 46. Rc2 Rxc8 0-1

[Event "Late-Titled-Tuesday-Blitz-March-19-2024"]
[Site "Chess.com"]
[Date "2024.03.19"]
[Round "8"]
[White "Dhaydon19"]
[Black "PolandHussars"]
[Result "1-0"]
[WhiteElo "2670"]
[BlackElo "2566"]
[TimeControl "180+1"]
[EndTime "15:26:50 PDT"]
[Termination "Dhaydon19 won by checkmate"]

1. e4 e5 2. Nc3 Nf6 3. Nf3 Nc6 4. d4 exd4 5. Nxd4 Bb4 6. Nxc6 bxc6 7. Bd3 O-O 8. O-O Re8 9. Qf3 h6 10.
h3 d5 11. exd5 cxd5 12. Bf4 Bxc3 13. bxc3 Be6 14. Rfd1 c6 15. c4 Qc8 16. Bxh6 dxc4 17. Bf1 Bd5 18. Qg3 Nh5 19. Qg5 g6 20. g4 Ng7 21. Qf6 Ne6 22. Re1 Qd7 23. Rad1 Kh7 24. Bc1 Qe7 25. Qc3 Qh4 26. Bb2 Qh6 27. Re3 Ng5 28.
Rde1 Rxe3 29. Rxe3 Ne4 30. Qd4 Rg8 31. Bg2 f5 32. f3 c3 33. Bxc3 Nxc3 34. Qxc3 Rg7 35. a4 Rb7 36. Re8 Qc1+ 37. Bf1 Rg7 38. Qf6 Bxf3 39.
Qh4+ Qh6 40. Rh8+ Kxh8 41. Qxh6+ Kg8 42. Qf4 Be4 43. Bc4+ Kh7 44. g5 Rd7 45. Qh4+ Kg7 46. Qh6# 1-0

[Event "Late-Titled-Tuesday-Blitz-March-19-2024"]
[Site "Chess.com"]
[Date "2024.03.19"]
[Round "8"]
[White "kingofthenil"]
[Black "sergiochess83"]
[Result "1-0"]
[WhiteElo "2787"]
[BlackElo "2945"]
[TimeControl "180+1"]
[EndTime "15:26:51 PDT"]
[Termination "kingofthenil won on time"]

1. d4 Nf6 2. c4 g6 3. g3 Bg7 4. Bg2 c5 5. Nf3 Qa5+ 6. Nc3 Ne4 7. O-O Nxc3 8. bxc3 O-O 9. Bg5 Re8 10. Qd2 d6 11. Rab1 Nc6 12. Bh6 Qa4 13. Bxg7 Kxg7 14. Qd3 b6 15.
Ng5 Bd7 16. Bd5 e6 17. Bg2 Rad8 18. Qf3 f5 19. Rbd1 cxd4 20. cxd4 Na5 21. c5 h6 22. Nh3 Bc6 23. d5 Bxd5 24. Qc3+ 1-0

[Event "Late-Titled-Tuesday-Blitz-March-19-2024"]
[Site "Chess.com"]
[Date "2024.03.19"]
[Round "8"]
[White "Polish_fighter3000"]
[Black "Njal28"]
[Result "1-0"]
[WhiteElo "3146"]
[BlackElo "3054"]
[TimeControl "180+1"]
[EndTime "15:26:53 PDT"]
[Termination "Polish_fighter3000 won by resignation"]

1. e4 e5 2. Nf3 Nc6 3. Bb5 a6 4. Ba4 Nf6 5. O-O Be7 6. d3 b5 7. Bb3 O-O 8. a4 b4 9. a5 Rb8 10. Nbd2 Bc5 11. Nc4 d6 12. Bg5 h6 13.
Bh4 g5 14. Bg3 Be6 15. Ncd2 Ba7 16. h3 Kh8 17. Bxe6 fxe6 18. c3 Qe8 19. Nc4 Nh5 20. Kh1 Rb5 21. Bh2 Nf4 22. Bxf4 Rxf4 23. g3 Rf8 24.
Kg2 Qg6 25. h4 g4 26. Nh2 h5 27. f3 bxc3 28. bxc3 d5 29. fxg4 Rxf1 30. Qxf1 dxc4 31. Qf8+ Qg8 32. Qh6+ Qh7 33. Qf8+ Qg8 34. Qh6+ Qh7 35. Qxe6 Rb2+ 36. Kh3 Ne7 37. Rf1 Ng6 38. Rf7 Qh6 39.
Qe8+ 1-0

[Event "Late-Titled-Tuesday-Blitz-March-19-2024"]
[Site "Chess.com"]
[Date "2024.03.19"]
[Round "8"]
[White "Rawnsdale"]
[Black "GlavkonVVS"]
[Result "1-0"]
[WhiteElo "2544"]
[BlackElo "2658"]
[TimeControl "180+1"]
[EndTime "15:26:53 PDT"]
[Termination "Rawnsdale won by resignation"]

1. e4 Nf6 2. e5 Nd5 3. d4 d6 4. c4 Nb6 5. Nf3 Bg4 6. exd6 cxd6 7. Nc3 e6 8. Be3 Be7 9. b3 O-O 10. Be2 d5 11. c5 Bxf3 12. Bxf3 Nc8 13. O-O Nc6 14. b4 Bf6 15. b5 Na5 16. Rc1 Ne7 17. Bf4 Nf5 18. Ne2 g6 19. c6 bxc6 20. bxc6 Rc8 21.
c7 Qd7 22. Rc5 Nc4 23. Bg4 Nfd6 24. Nc3 Rxc7 25. Nxd5 exd5 26. Bxd7 Rxd7 27. Qf3 Ne4 28. Rxc4 dxc4 29. Qxe4 Rxd4 30. Qf3 Rd3 31. Be3 Bd4 32. Qc6 Bxe3 33. fxe3 Rxe3 34. Qxc4 Re7 35. h4 h5 36. Rf6 Kg7 37. Qd4 Kh7 38. Rd6 Rfe8 39.
Rd7 a5 40. Rxe7 Rxe7 41. Qc5 Re1+ 42. Kh2 Re4 43. Qxa5 Rxh4+ 44. Kg1 Rf4 45. a4 Rf5 46. Qb6 h4 47. a5 Rg5 48. Kh2 Rf5 49. a6 1-0

[Event "Late-Titled-Tuesday-Blitz-March-19-2024"]
[Site "Chess.com"]
[Date "2024.03.19"]
[Round "8"]
[White "balack95"]
[Black "Arlo2024"]
[Result "1/2-1/2"]
[WhiteElo "2432"]
[BlackElo "2312"]
[TimeControl "180+1"]
[EndTime "15:26:53 PDT"]
[Termination "Game drawn - insufficient material"]

1. d4 Nf6 2. c4 c5 3. d5 b5 4.
cxb5 a6 5. e3 g6 6. Nc3 Bg7 7.
a4 O-O 8. Bc4 axb5 9. Nxb5 d6 10. Nf3 Nbd7 11. O-O Nb6 12. Be2 Nbxd5 13. e4 Nb4 14. e5 dxe5 15. Qxd8 Rxd8 16. Nxe5 Bb7 17. Be3 Nc2 18. Rac1 Nxe3 19. fxe3 Nd5 20. Nxf7 Nxe3 21. Nxd8 Bd5 22. Nc7 Rxd8 23. Nxd5 Rxd5 24. b3 Nxf1 25. Bc4 Ne3 26. Bxd5+ Nxd5 27. Kf1 Bd4 28. Ke2 Kf7 29. Kd3 Ke6 30. Kc4 Kd6 31. a5 Kc6 32. a6 Ne3+ 33. Kd3 Kb6 34. g3 Kxa6 35. b4 Kb5 36. bxc5 Bxc5 37.
Ke4 Kc6 38. Ke5 Ng4+ 39. Ke6 Nxh2 40. Rh1 Nf3 41. Kf7 Bd6 42. Ke6 Bxg3 43. Kxe7 h5 44. Kf6 g5 45. Rxh5 Bf4 46. Kf5 Kd5 47. Rh8 Ne5 48. Rd8+ Kc4 49. Rg8 Kd4 50. Rxg5 Bxg5 51. Kxg5 1/2-1/2

[Event "Late-Titled-Tuesday-Blitz-March-19-2024"]
[Site "Chess.com"]
[Date "2024.03.19"]
[Round "8"]
[White "FREZZY23"]
[Black "Kostukov_Alex"]
[Result "1/2-1/2"]
[WhiteElo "2372"]
[BlackElo "2279"]
[TimeControl "180+1"]
[EndTime "15:26:53 PDT"]
[Termination "Game drawn by repetition"]

1. Nf3 c5 2. g3 g6 3. Bg2 Bg7 4. O-O Nf6 5. c4 O-O 6. Nc3 Nc6 7. d4 cxd4 8. Nxd4 Nxd4 9. Qxd4 d6 10. Bg5 Qa5 11. Bd2 Qh5 12. Qd3 Ng4 13. h4 Ne5 14. Qe4 Bf5 15. Qxb7 Nxc4 16. Bg5 Rab8 17. Qxe7 Rfe8 18.
Qxa7 Nxb2 19. Nd5 Qxe2 20. Nf6+ Bxf6 21. Bxf6 Nd3 22. Bc3 Ne5 23. Qd4 Rbc8 24. Rfe1 Qc4 25. Bb2 Qxd4 26. Bxd4 Nd3 27. Rxe8+ Rxe8 28. a4 Nb4 29. a5 Nc2 30. Rd1 Nxd4 31. Rxd4 Re1+ 32. Kh2 Ra1 33. Rd5 Be6 34. Rb5 Kg7 35. Bb7 Bc4 36. Rb4 d5 37. a6 Bxa6 38. Bxd5 Ra5 39. Bb3 Rb5 40. Rxb5 Bxb5 41. f4 h6 42. g4 f6 43.
Kg3 g5 44. h5 Bd7 45. Bd1 Bc6 46. Bf3 Bd7 47. Be4 Kf7 48. Kf3 Ke7 49. Bd3 Kd6 50.
Bf1 Bc6+ 51. Ke3 Bd7 52. Be2 Bc6 53. fxg5 fxg5 54. Kd4 Bd7 55. Ke4 Ke6 56. Kd4 Bc6 57. Bc4+ Kd6 58. Be2 Bg2 59. Bd1 Bc6 60. Be2 1/2-1/2

[Event "Late-Titled-Tuesday-Blitz-March-19-2024"]
[Site "Chess.com"]
[Date "2024.03.19"]
[Round "8"]
[White "ViktoriyaTarasova"]
[Black "Licancabur"]
[Result "1-0"]
[WhiteElo "2347"]
[BlackElo "2486"]
[TimeControl "180+1"]
[EndTime "15:26:56 PDT"]
[Termination "ViktoriyaTarasova won by resignation"]

1. d4 d5 2. c4 dxc4 3. e4 Nc6 4. d5 Ne5 5. Nf3 Bg4 6. Bf4 Bxf3 7. gxf3 Nd3+ 8. Bxd3 cxd3 9. Qxd3 e6 10. Nc3 Nf6 11.
O-O-O exd5 12. exd5 Be7 13. Rhg1 O-O 14. Bh6 Ne8 15.
Kb1 Kh8 16. Be3 Nd6 17. h4 b5 18.
h5 Bf6 19. Ne4 Nxe4 20. fxe4 g6 21. h6 Kg8 22. f4 Re8 23. e5 Bh8 24. Bc5 a5 25. e6 Ra6 26. Rd2 b4 27. Qxa6 1-0

[Event "Late-Titled-Tuesday-Blitz-March-19-2024"]
[Site "Chess.com"]
[Date "2024.03.19"]
[Round "8"]
[White "EcosseKillie"]
[Black "picturesquecheck"]
[Result "1-0"]
[WhiteElo "2333"]
[BlackElo "2406"]
[TimeControl "180+1"]
[EndTime "15:26:57 PDT"]
[Termination "EcosseKillie won by resignation"]

1. d4 Nf6 2. Bg5 Ne4 3. Bf4 d5 4. e3 e6 5. Bd3 Nf6 6. Nf3 Bd6 7. Nbd2 O-O 8. O-O c5 9. c3 Nc6 10. Ne5 Qc7 11. Ndf3 Nd7 12. Nxc6 bxc6 13. Bxd6 Qxd6 14. e4 cxd4 15. Nxd4 Nc5 16. exd5 cxd5 17. Be2 Bb7 18. Bf3 Rab8 19. b3 Nd7 20. g3 Nf6 21. Bg2 Qb6 22. Rc1 Rfd8 23. h3 g6 24. Qd2 e5 25.
Nf3 Qe6 26. Rfe1 Ne4 27. Qb2 f6 28. c4 Qf7 29. cxd5 Bxd5 30. Nxe5 Qb7 31. Ng4 f5 32. Bxe4 fxg4 33. Bxd5+ Qxd5 34. hxg4 Qd7 35. Qe2 Rb4 36. Rcd1 Rd4 37. Rxd4 Qxd4 38. Qe6+ Kh8 39. Qe5+ Qxe5 40.
Rxe5 Rd2 41. Ra5 1-0

[Event "Late-Titled-Tuesday-Blitz-March-19-2024"]
[Site "Chess.com"]
[Date "2024.03.19"]
[Round "8"]
[White "RianKapriaga"]
[Black "grandcoach"]
[Result "1/2-1/2"]
[WhiteElo "2352"]
[BlackElo "2247"]
[TimeControl "180+1"]
[EndTime "15:26:57 PDT"]
[Termination "Game drawn by repetition"]

1. d4 Nf6 2. Nf3 d5 3. Bf4 c5 4.
e3 Nc6 5. Nbd2 g6 6. Bb5 Bg7 7. Ne5 Bd7 8. Nxd7 Qxd7 9. O-O O-O 10. c3 a6 11. Bxc6 Qxc6 12. Be5 Rac8 13. a4 Rfd8 14. a5 Ne4 15. Bxg7 Kxg7 16. Nxe4 dxe4 17. Qa4 cxd4 18. Qxc6 Rxc6 19. exd4 e5 20. dxe5 Re6 21.
Rfd1 Rxd1+ 22. Rxd1 Rxe5 23. b4 e3 24. fxe3 Rxe3 25. Rd7 Rxc3 26. Rxb7 Rc2 27. Rb6 Rb2 28. h4 Kh6 29. Kh2 Kh5 30. Kh3 f5 31. g3 h6 32.
Rxa6 Rxb4 33. Ra8 Rb2 34. a6 Ra2 35. Ra7 g5 36. hxg5 hxg5 37. g4+ fxg4+ 38. Kg3 Ra3+ 39. Kg2 g3 40. Ra8 Kg4 41. a7 Ra2+ 42. Kg1 Ra3 43. Kf1 Ra2 44. Kg1 Ra4 45. Kf1 Ra2 46. Kg1 1/2-1/2

[Event "Late-Titled-Tuesday-Blitz-March-19-2024"]
[Site "Chess.com"]
[Date "2024.03.19"]
[Round "8"]
[White "rychessmaster1"]
[Black "EsmeraldasAnderson03"]
[Result "0-1"]
[WhiteElo "2740"]
[BlackElo "2581"]
[TimeControl "180+1"]
[EndTime "15:26:58 PDT"]
[Termination "EsmeraldasAnderson03 won by resignation"]

1. d4 d5 2. c4 dxc4 3. Nf3 Nf6 4. e3 e6 5. Bxc4 a6 6. O-O c5 7. dxc5 Qxd1 8. Rxd1 Bxc5 9. Be2 b6 10. a3 Bb7 11. b4 Be7 12. Bb2 Nbd7 13. Nbd2 Rc8 14. Rac1 O-O 15. Nc4 b5 16. Nce5 Nxe5 17. Nxe5 Rxc1 18.
Rxc1 Rc8 19. Rxc8+ Bxc8 20. Bf3 Nd5 21. Nc6 Bf8 22.
Bd4 f6 23. Bc5 Bxc5 24. bxc5 Kf7 25. Kf1 Nc7 26. Ke2 e5 27. Kd2 Be6 28. e4 Ke8 29. Kc3 Kd7 30. Nb4 a5 31. Nd5 Kc6 32. Ne3 Kxc5 33. Be2 b4+ 34. axb4+ axb4+ 35. Kb2 Nb5 36. Nc2 Nd4 37. Bd1 Nxc2 38. Bxc2 Kd4 39. Bb1 Bc4 40.
g3 g5 41. f3 Ke3 42. f4 gxf4 43. gxf4 exf4 0-1

[Event "Late-Titled-Tuesday-Blitz-March-19-2024"]
[Site "Chess.com"]
[Date "2024.03.19"]
[Round "8"]
[White "protectiago"]
[Black "mirochka"]
[Result "0-1"]
[WhiteElo "2072"]
[BlackElo "2269"]
[TimeControl "180+1"]
[EndTime "15:26:58 PDT"]
[Termination "mirochka won on time"]

1. d4 d5 2. c4 e6 3. g3 Nf6 4. Nf3 dxc4 5. Bg2 Nc6 6. O-O a6 7. Nc3 Rb8 8. a4 Be7 9. e4 O-O 10. e5 Nd5 11. Ne4 Na5 12. Qc2 Nb4 13. Qe2 Nb3 14. Rb1 b5 15. Bg5 Bxg5 16. Nfxg5 h6 17.
Qh5 Bb7 18. axb5 axb5 19. Rfd1 Nd3 20. h4 Qxd4 21. Rf1 Qxe5 22. Qg4 hxg5 23. hxg5 Bxe4 24. Bxe4 Nd2 25. Bxd3 cxd3 26. Rfe1 Qd5 27. Re3 Nxb1 28. Qh5 g6 29. Qh6 d2 0-1

[Event "Late-Titled-Tuesday-Blitz-March-19-2024"]
[Site "Chess.com"]
[Date "2024.03.19"]
[Round "8"]
[White "bescmelasti"]
[Black "Seochesspie"]
[Result "1-0"]
[WhiteElo "2699"]
[BlackElo "2851"]
[TimeControl "180+1"]
[EndTime "15:27:05 PDT"]
[Termination "bescmelasti won by resignation"]

1. e4 c5 2. Nf3 d6 3. d4 cxd4 4. Nxd4 Nf6 5. Nc3 a6 6. g3 e5 7. Nde2 h5 8. Bg5 Be7 9. Bg2 Be6 10. Qd2 Nbd7 11. a4 Rc8 12. O-O Nh7 13. Bxe7 Qxe7 14. Rfd1 Rc6 15. Nd5 Bxd5 16. exd5 Rc8 17. a5 h4 18. Ra4 hxg3 19. hxg3 Nhf6 20. Nc3 Nc5 21. Rb4 O-O 22. Na4 Nxa4 23. Rxa4 Nd7 24. Rh4 Rfd8 25. c4 Qf6 26. b4 g6 27. Bh3 Rc7 28. Bxd7 Rdxd7 29. Kg2 Rd8 30. Rdh1 Rdc8 31. Qe2 Kf8 32. Re4 Kg7 33. Reh4 Kf8 34. f4 exf4 35. Rh8+ 1-0

[Event "Late-Titled-Tuesday-Blitz-March-19-2024"]
[Site "Chess.com"]
[Date "2024.03.19"]
[Round "8"]
[White "tarno17"]
[Black "hell3raiser"]
[Result "0-1"]
[WhiteElo "2188"]
[BlackElo "2346"]
[TimeControl "180+1"]
[EndTime "15:27:07 PDT"]
[Termination "hell3raiser won by checkmate"]

1. e4 d6 2. d4 Nf6 3. Nc3 Nbd7 4.
Be3 e5 5. Nge2 Be7 6. f3 O-O 7. Qd2 c6 8. g4 b5 9. h4 b4 10. Na4 Nb6 11. Qxb4 Nxa4 12. Qxa4 exd4 13. Nxd4 c5 14.
Nf5 Bxf5 15. gxf5 d5 16. e5 Nd7 17. f6 gxf6 18. Bh6 Kh8 19. Bxf8 Nxf8 20. O-O-O fxe5 21. Qg4 Bf6 22. Rg1 Ne6 23. h5 d4 24. Bd3 Rc8 25. Qf5 Nf8 26. h6 Ng6 27. f4 c4 28. Be4 exf4 29.
Qg4 d3 30. Bxg6 hxg6 31. Qxf4 Kh7 32. Rdf1 Rc6 33. Qe4 d2+ 34. Kd1 Re6 35. Qxc4 Qe7 36. Rg2 Re1+ 37. Kxd2 Qe3# 0-1

[Event "Late-Titled-Tuesday-Blitz-March-19-2024"]
[Site "Chess.com"]
[Date "2024.03.19"]
[Round "8"]
[White "GMBenjaminBok"]
[Black "Hikaru"]
[Result "0-1"]
[WhiteElo "2961"]
[BlackElo "3254"]
[TimeControl "180+1"]
[EndTime "15:27:09 PDT"]
[Termination "Hikaru won on time"]

1. d4 a6 2. e4 c6 3. Bd3 d5 4.
e5 c5 5. dxc5 Qa5+ 6. c3 Qxc5 7.
Nf3 Qc7 8. h3 Nc6 9. Qe2 e6 10.
O-O Bc5 11. Nbd2 Nge7 12. Nb3 Ba7 13. Bf4 f5 14. Nbd4 h6 15. Rae1 g5 16. Be3 Bd7 17. Nxc6 bxc6 18. Bxa7 Rxa7 19. b4 c5 20. bxc5 Qxc5 21.
Rc1 Nc6 22. Bxa6 Ke7 23. Bb5 g4 24. hxg4 fxg4 25. Nh4 Rg8 26. Qd3 Kd8 27. Qh7 Rf8 28.
Bxc6 Bxc6 29. Qxh6 Rxa2 30. Qxe6 Rfxf2 31. Qd6+ Qxd6 32. exd6 g3 33. Rce1 d4 34. cxd4 Rxg2+ 35. Nxg2 Rxg2+ 36. Kh1 Rh2+ 0-1

[Event "Late-Titled-Tuesday-Blitz-March-19-2024"]
[Site "Chess.com"]
[Date "2024.03.19"]
[Round "8"]
[White "kikoveiga"]
[Black "ventdelest"]
[Result "0-1"]
[WhiteElo "2471"]
[BlackElo "2081"]
[TimeControl "180+1"]
[EndTime "15:27:09 PDT"]
[Termination "ventdelest won by resignation"]

1. e4 d6 2. d4 Nf6 3. Nc3 g6 4. f4 Bg7 5. Nf3 O-O 6. Bd3 Na6 7. O-O c5 8. e5 Nd7 9. Bxa6 bxa6 10. Be3 cxd4 11.
Bxd4 dxe5 12. Nxe5 Nxe5 13. Bxe5 Qb6+ 14. Kh1 Bxe5 15. fxe5 Qxb2 16. Nd5 Qa3 17. Qd2 Be6 18. c4 Rad8 19. Rf3 Qc5 20. Qh6 Rxd5 21. cxd5 Qxd5 22. Re1 Qxa2 23. Qh4 Re8 24. g4 Bd5 25. Rf1 Qe2 26. Qg3 Bxf3+ 0-1

[Event "Late-Titled-Tuesday-Blitz-March-19-2024"]
[Site "Chess.com"]
[Date "2024.03.19"]
[Round "8"]
[White "mishanick"]
[Black "Vladimir_Zakhartsov"]
[Result "1-0"]
[WhiteElo "3131"]
[BlackElo "2996"]
[TimeControl "180+1"]
[EndTime "15:27:10 PDT"]
[Termination "mishanick won by resignation"]

1. d4 Nf6 2. c4 e6 3. Nc3 d5 4. Nf3 c5 5. cxd5 Nxd5 6. e4 Nxc3 7. bxc3 cxd4 8. cxd4 Bb4+ 9. Bd2 Bxd2+ 10. Qxd2 O-O 11.
Bd3 b6 12. O-O Bb7 13. Qe3 Nc6 14. Rac1 h6 15. Rfd1 Re8 16. Bb5 Qd6 17. Rc3 a6 18.
Bxc6 Bxc6 19. Ne5 Bb7 20. Nc4 Qd8 21. Qf4 Rc8 22. Nd6 Rxc3 23. Qxf7+ Kh7 24. Nxe8 Qxd4 25. Re1 Bxe4 26. Qf4 e5 27. Qf7 Rc7 28. Nf6+ 1-0

[Event "Late-Titled-Tuesday-Blitz-March-19-2024"]
[Site "Chess.com"]
[Date "2024.03.19"]
[Round "8"]
[White "VD_coach"]
[Black "mbachez"]
[Result "0-1"]
[WhiteElo "2513"]
[BlackElo "2657"]
[TimeControl "180+1"]
[EndTime "15:27:10 PDT"]
[Termination "mbachez won on time"]

1. d4 Nf6 2. c4 Nc6 3. Nf3 e6 4. g3 Bb4+ 5. Bd2 Bxd2+ 6. Nbxd2 O-O 7. Bg2 d6 8. O-O e5 9. d5 Nb8 10. b4 a5 11. a3 Na6 12. Qb3 Bd7 13. e4 c6 14.
Rfc1 Qb6 15. c5 dxc5 16. Nc4 Qd8 17. Nfxe5 axb4 18. axb4 cxb4 19. Na5 c5 20. Nxd7 Nxd7 21. Nxb7 Qb6 22. Na5 Qf6 23. Nc4 Nc7 24. Rxa8 Rxa8 25. d6 Ne6 26. e5 Qd8 27. Bxa8 Qxa8 28. Nd2 Nd4 29. Qd3 Nxe5 30. Qe3 Nd7 31. Re1 Nf6 32. d7 Ne6 33. Qe5 Nxd7 34. Qd6 Nf6 35. Nc4 h6 36. Rxe6 fxe6 37. Qxe6+ Kh8 38. Ne5 Qe8 39. Qf5 b3 0-1

[Event "Late-Titled-Tuesday-Blitz-March-19-2024"]
[Site "Chess.com"]
[Date "2024.03.19"]
[Round "8"]
[White "ChempionBg"]
[Black "Bugcrusher"]
[Result "1/2-1/2"]
[WhiteElo "2343"]
[BlackElo "2465"]
[TimeControl "180+1"]
[EndTime "15:27:11 PDT"]
[Termination "Game drawn by repetition"]

1. d4 e6 2. c4 Nf6 3. Nf3 Nc6 4. g3 d5 5. Bg2 dxc4 6. O-O Rb8 7.
Nc3 b5 8. e4 Be7 9. d5 exd5 10.
exd5 Nb4 11. Nd4 a6 12. a3 Nd3 13. Nc6 Qd6 14. Nxb8 O-O 15. Nc6 Bb7 16. Nxe7+ Qxe7 17. d6 cxd6 18. Bg5 Bxg2 19. Kxg2 h6 20. Bxf6 Qxf6 21. Qf3 Qxf3+ 22. Kxf3 Nxb2 23. Rab1 Nd3 24. Nd5 Re8 25. Nc7 Re5 26. Nxa6 Rf5+ 27. Ke3 Re5+ 28. Kd2 Rd5 29. Nc7 Rc5 30. Nxb5 d5 31. Nd4 Ra5 32. Nc2 Nc5 33. Rb8+ Kh7 34. Rfb1 Ne4+ 35. Ke3 Nc3 36. R1b7 Nd1+ 37.
Kd2 Nxf2 38. Rb5 Ne4+ 39. Ke3 Ra6 40. Rxd5 Nc3 41. Rc5 Re6+ 42. Kf3 Rf6+ 43. Kg2 Nd1 44. Rxc4 Rf2+ 45. Kg1 Rd2 46. a4 Nf2 47. a5 Nh3+ 48. Kf1 Ng5 49. a6 Nf3 50. a7 Nxh2+ 51.
Ke1 Nf3+ 52. Kf1 Nh2+ 53. Kg1 Nf3+ 54. Kf1 Nh2+ 1/2-1/2

[Event "Late-Titled-Tuesday-Blitz-March-19-2024"]
[Site "Chess.com"]
[Date "2024.03.19"]
[Round "8"]
[White "kai_nov"]
[Black "TheMagician"]
[Result "1-0"]
[WhiteElo "2350"]
[BlackElo "2232"]
[TimeControl "180+1"]
[EndTime "15:27:11 PDT"]
[Termination "kai_nov won on time"]

1. d4 Nf6 2. c4 e6 3. Nc3 Bb4 4. f3 c5 5. d5 exd5 6. cxd5 b5 7.
e4 a6 8. a4 bxa4 9. Ne2 d6 10.
Ng3 a3 11. Rxa3 Bxa3 12. bxa3 h6 13. Be2 Qa5 14. Qc2 Bd7 15. O-O g6 16. Bf4 Qc7 17. h4 Nh5 18. Nxh5 gxh5 19. Bc4 Rg8 20. Kh2 Qd8 21. g3 Qf6 22. Re1 Kd8 23. Bf1 Re8 24. Qb3 Kc8 25. Rb1 Qd4 26. Qb7+ Kd8 27. Qxa8 Qf2+ 28.
Bg2 Ke7 29. Rxb8 1-0

[Event "Late-Titled-Tuesday-Blitz-March-19-2024"]
[Site "Chess.com"]
[Date "2024.03.19"]
[Round "8"]
[White "IMchanged"]
[Black "stollenmonster"]
[Result "0-1"]
[WhiteElo "2673"]
[BlackElo "2893"]
[TimeControl "180+1"]
[EndTime "15:27:13 PDT"]
[Termination "stollenmonster won by checkmate"]

1. e4 c5 2. Nf3 Nf6 3. e5 Nd5 4.
Nc3 e6 5. Ne4 Nc6 6. c4 f5 7.
cxd5 fxe4 8. dxc6 exf3 9. Qxf3 dxc6 10. Bc4 Qd4 11. Qe2 g6 12. d3 Bg7 13. f4 b6 14. Be3 Qd8 15. O-O O-O 16. a4 Bd7 17. Rad1 Qe7 18. d4 cxd4 19. Rxd4 c5 20. Rd6 Rad8 21. b3 Bc8 22. Rfd1 Kh8 23. Qg4 Rxd6 24. Rxd6 Rd8 25. Rxd8+ Qxd8 26. Bxe6 Qd3 27. Bxc8 Qxe3+ 28. Kf1 c4 29. bxc4 Bf8 30. Qe6 Qd3+ 31. Kf2 Bc5+ 32. Ke1 Qe3+ 33. Kd1 Qd3+ 34. Ke1 Qe3+ 35. Kd1 Qg1+ 36. Ke2 Qxg2+ 37. Kd1 Qg1+ 38. Ke2 Qxh2+ 39. Kf3 Qh1+ 40. Ke2 Qg2+ 41. Kd1 Qf3+ 42. Kc2 Qe2+ 43. Kb1 Qd1+ 44. Kb2 Bd4+ 45. Ka2 Qc2+ 46. Ka3 Bc5# 0-1

[Event "Late-Titled-Tuesday-Blitz-March-19-2024"]
[Site "Chess.com"]
[Date "2024.03.19"]
[Round "8"]
[White "Payyappat"]
[Black "1g60-1"]
[Result "1-0"]
[WhiteElo "2514"]
[BlackElo "2372"]
[TimeControl "180+1"]
[EndTime "15:27:13 PDT"]
[Termination "Payyappat won on time"]

1. e4 e6 2. d4 d5 3. Nc3 Bb4 4.
e5 Ne7 5. a3 Bxc3+ 6. bxc3 c5 7. Qg4 Qc7 8. Qxg7 Rg8 9. Qxh7 cxd4 10. Ne2 Nbc6 11. f4 dxc3 12. Qd3 d4 13. Nxd4 Nxd4 14. Qxd4 Bd7 15. Be3 Nf5 16. Qd3 O-O-O 17. Rb1 Bc6 18. Qxc3 Nxe3 19. Qxe3 Bxg2 20. Rg1 Bxf1 21. Rxg8 Rxg8 22.
Kxf1 Qc4+ 23. Ke1 Kb8 24. Rb2 Rg2 25. h4 a6 26. h5 Rh2 27. Qf3 Qc7 28. Kd1 Qd7+ 29.
Kc1 Qc7 30. Kb1 1-0

[Event "Late-Titled-Tuesday-Blitz-March-19-2024"]
[Site "Chess.com"]
[Date "2024.03.19"]
[Round "8"]
[White "Bkmzzzzz"]
[Black "Fore_Man"]
[Result "1-0"]
[WhiteElo "2391"]
[BlackElo "2278"]
[TimeControl "180+1"]
[EndTime "15:27:15 PDT"]
[Termination "Bkmzzzzz won by checkmate"]

1. e4 c5 2. Nf3 g6 3. c3 d5 4. Bd3 Bg7 5. O-O Nc6 6. Re1 dxe4 7. Bxe4 Nf6 8. Bxc6+ bxc6 9. h3 O-O 10. d4 cxd4 11.
Nxd4 Qc7 12. Qf3 Bb7 13. Bf4 Qd7 14. Qe2 Rfe8 15. Nb3 Qd5 16. Rd1 Qf5 17. Be3 Nd5 18.
Bc5 e5 19. N1d2 Nf4 20. Qe4 Qg5 21. Kh2 f5 22. Qc4+ Kh8 23. g3 Ne6 24. Nf3 Qh5 25.
Nh4 Bf6 26. Ng2 a5 27. Rd6 Ba6 28. Qa4 Bb5 29. Qa3 a4 30. Nd2 Nxc5 31. Qxc5 Qe2 32. Re1 Qh5 33. Rxf6 a3 34. bxa3 Qg5 35. Rf7 Qxd2 36.
Rxe5 Kg8 37. Ree7 Rxe7 38. Qxe7 Qxc3 39. Rxh7 Rf8 40. Rh6 Qf6 41. Qh7# 1-0

[Event "Late-Titled-Tuesday-Blitz-March-19-2024"]
[Site "Chess.com"]
[Date "2024.03.19"]
[Round "8"]
[White "Supelyel"]
[Black "jodarmarlon1985"]
[Result "1/2-1/2"]
[WhiteElo "2383"]
[BlackElo "2290"]
[TimeControl "180+1"]
[EndTime "15:27:16 PDT"]
[Termination "Game drawn by repetition"]

1. c4 e5 2. Nc3 Nf6 3. g3 d5 4.
cxd5 Nxd5 5. Bg2 Nb6 6. d3 Nc6 7. Nf3 Be7 8. O-O O-O 9. a3 Be6 10. b4 f6 11. Be3 a5 12. b5 Nd4 13. Bxd4 exd4 14. Na4 Qd7 15. Nxb6 cxb6 16. Qa4 Bc5 17.
Nd2 Qf7 18. Rfc1 Rfe8 19. Bf3 Bd5 20. Bxd5 Qxd5 21. Qc4 Qxc4 22. Nxc4 Rxe2 23. Re1 Rxe1+ 24. Rxe1 Kf7 25. Kf1 h5 26. a4 Rh8 27. Rc1 Ra8 28. Ke2 Ke6 29. Kf3 Kd5 30. Re1 g5 31. h3 Rh8 32.
Re4 Rf8 33. h4 Rg8 34. hxg5 Rxg5 35. Rh4 Rf5+ 36. Ke2 Ke6 37. f4 Kf7 38. Kf3 Rd5 39.
Rh1 Kg6 40. Re1 Rd8 41. Re6 Kf7 42. Re1 Rh8 43. Rh1 Kg6 44. Ke4 Re8+ 45. Kf3 Rh8 46.
Ke4 Re8+ 47. Kf3 Rh8 1/2-1/2

[Event "Late-Titled-Tuesday-Blitz-March-19-2024"]
[Site "Chess.com"]
[Date "2024.03.19"]
[Round "8"]
[White "KetiTsatsalashvili"]
[Black "Vadim_Galchenko"]
[Result "0-1"]
[WhiteElo "2461"]
[BlackElo "2598"]
[TimeControl "180+1"]
[EndTime "15:27:17 PDT"]
[Termination "Vadim_Galchenko won on time"]

1. d4 d5 2. Nf3 Nc6 3. Bf4 Bg4 4.
e3 e6 5. Be2 Nf6 6. O-O Bd6 7.
Ne5 Bxe2 8. Qxe2 O-O 9. Nd2 Bxe5 10. Bxe5 Nxe5 11. dxe5 Nd7 12. f4 f6 13. e4 c6 14.
exf6 Qxf6 15. e5 Qg6 16. Nb3 c5 17. c3 c4 18. Nd4 Nc5 19. b3 cxb3 20. axb3 Ne4 21.
c4 Rad8 22. Rxa7 Rd7 23. cxd5 Rxd5 24. f5 exf5 25. Qc4 Rd8 26. Nxf5 Qb6+ 27. Kh1 Nf2+ 28. Rxf2 Qxf2 29. Ne7+ Kh8 30. h3 Rd1+ 31. Kh2 Qg1+ 32. Kg3 R1d3+ 33. Kf4 Qe3+ 34. Kf5 Qxa7 0-1

[Event "Late-Titled-Tuesday-Blitz-March-19-2024"]
[Site "Chess.com"]
[Date "2024.03.19"]
[Round "8"]
[White "bazar-wokzal"]
[Black "wild3000"]
[Result "1-0"]
[WhiteElo "2557"]
[BlackElo "2440"]
[TimeControl "180+1"]
[EndTime "15:27:17 PDT"]
[Termination "bazar-wokzal won on time"]

1. e4 e6 2. d4 a6 3. Nc3 b5 4.
f4 Bb7 5. Bd3 Nf6 6. Qe2 c5 7. e5 Nd5 8. Nxd5 Bxd5 9. c3 cxd4 10. cxd4 Bb4+ 11. Bd2 Qa5 12. Nf3 Nc6 13. Be4 Bxe4 14.
Qxe4 Bxd2+ 15. Nxd2 Qb4 16. d5 exd5 17. Qxb4 Nxb4 18.
Ke2 Rc8 19. Rhc1 Ke7 20. a3 Nc2 21. Rab1 Nd4+ 22. Kd3 Ne6 23. f5 Nf4+ 24. Ke3 Nxg2+ 25. Kf3 Nh4+ 26. Kg4 Ng2 27. Nf1 f6 28. Kg3 fxe5 29.
Kxg2 Kf6 30. Ng3 h5 31. h4 d4 32. Ne4+ Ke7 33. Ng3 Kf6 34. Rxc8 Rxc8 35. Nxh5+ Kxf5 36. Rf1+ Kg6 37. Ng3 Rc2+ 38. Rf2 Rxf2+ 39. Kxf2 d5 40. Kf3 a5 41. b4 axb4 42. axb4 Kf6 43. Kg4 Kg6 44.
Nf5 Kf6 45. Nd6 1-0